 Dungeon Crawl Stone Soup version 0.19.1 (webtiles) character file.

16 LadySerpentine the Grasshopper (level 2, 0/19 HPs)
             Began as a Halfling Warper on Dec 2, 2016.
             Slain by a rat (1 damage)
             ... on level 1 of the Dungeon.
             The game lasted 00:07:00 (613 turns).

LadySerpentine the Grasshopper (Halfling Warper)     Turns: 613, Time: 00:07:00

Health: 0/19       AC:  3    Str: 12    XL:     2   Next: 75%
Magic:  2/4        EV: 14    Int: 11    God:
Gold:   54         SH:  0    Dex: 13    Spells: 1 memorised, 2 levels left

rFire  . . .     SeeInvis .     a - +0 spear
rCold  . . .     Gourm    .     b - +0 leather armour
rNeg   . . .     Faith    .     (shield restricted)
rPois  .         Spirit   .     (no helmet)
rElec  .         Reflect  .     (no cloak)
rCorr  .         Harm     .     (no gloves)
MR     .....                    (no boots)
Stlth  +.........               (no amulet)
                                (no ring)
                                (no ring)

@: very slightly contaminated
A: mutation resistance 1
a: no special abilities


You were on level 1 of the Dungeon.
You were not hungry.

You visited 1 branch of the dungeon, and saw 1 of its levels.

You collected 54 gold pieces.

Inventory:

Hand Weapons
 a - a +0 spear (weapon)
 g - a +0 hunting sling
Missiles
 e - 5 tomahawks of dispersal (quivered)
Armour
 b - a +0 leather armour (worn)
Books
 c - a book of Spatial Translocations

   Spells                             Type                      Level
   a - Blink                          Translocation                2
   b - Shroud of Golubria             Charms/Translocation         2
   c - Lesser Beckoning               Translocation                3
   d - Portal Projectile              Translocation                3
   e - Teleport Other                 Translocation                3
   f - Passage of Golubria            Translocation                4
Comestibles
 f - a bread ration


   Skills:
 + Level 2.0 Fighting
 + Level 2.0 Polearms
 + Level 1.0 Throwing
 + Level 1.4 Armour
 + Level 2.2 Dodging
 + Level 1.9 Spellcasting
 + Level 3.2 Translocations


You had 2 spell levels left.
You knew the following spells:

 Your Spells              Type           Power        Failure   Level  Hunger
a - Blink                 Tloc           N/A          17%         2    ###....


Dungeon Overview and Level Annotations

Branches:
Dungeon (1/15)

Altars:
Okawaru


Innate Abilities, Weirdness & Mutations

You are small and have problems with some larger weapons.
You are somewhat resistant to further mutation.


Message History

The leopard gecko bites you but does no damage.
The rat bites you but does no damage.
The leopard gecko bites you but does no damage.
The leopard gecko bites you but does no damage.
The rat bites you but does no damage.
The leopard gecko bites you but does no damage.
The rat bites you but does no damage.
The leopard gecko bites you but does no damage.
The rat bites you but does no damage.
The leopard gecko bites you but does no damage.
The rat bites you but does no damage.
The leopard gecko bites you but does no damage.
The rat bites you but does no damage.
The leopard gecko bites you but does no damage.
You feel less woody.
Your +0 leather armour unmelds from your body.
The leopard gecko bites you.
* * * LOW HITPOINT WARNING * * *
The rat bites you.
You die...

......+'..... #.#.#......##
..#...##.... #.#.......##
.....###.... #.....>..##
####..#...# #########.#.......##
##........###.......#)#.#......##
.......()...........#.#.##......#
.........)..........#.#.###......
.........(.....r....#.#..###.....
.......####...Kl@...#.##.####....
.......# #...#######..#..# ##..)
.....(.# #...# ##.##.## ##..
.......# #...# #..#..## ##.
...[...# #...# ##.##..## ##
.......# ...# #..##..## #
.......# ...# ##†.##..## .......#
..####..##..## ########
..........##...


You could see a leopard gecko, a kobold and a rat.

Vanquished Creatures
  A bat (D:1)
  A giant cockroach (D:1)
  3 goblins (D:1)
  2 hobgoblins (D:1)
  2 jackals (D:1)
  2 kobolds (D:1)
  A frilled lizard (D:1)
  A rat (D:1)
13 creatures vanquished.

Notes
Turn   | Place    | Note
-------+----------+-------------------------------------------
     0 | D:1      | LadySerpentine the Halfling Warper began the quest for the Orb.
     0 | D:1      | Reached XP level 1. HP: 14/14 MP: 3/3
   354 | D:1      | Reached XP level 2. HP: 19/19 MP: 4/4
   359 | D:1      | Learned a level 2 spell: Blink
   451 | D:1      | Found an iron altar of Okawaru.
   613 | D:1      | Slain by a rat

Skill      XL: |  1 |
---------------+----+-----
Fighting       | 2 |  2.0
Polearms       | 2 |  2.0
Throwing       | |  1.0
Armour         | |  1.4
Dodging        | |  2.2
Spellcasting   | |  1.9
Translocations | |  3.2

Action                   || total
-------------------------++-------
Melee: Spear             ||    63
 Cast: Blink             ||     1
  Use: Scroll            ||     2
       Potion            ||     1
Armor: Leather armour    ||    22
       Skin              ||    38
Dodge: Dodged            ||    67
